Map: Blackpink ER

Players

Quma

  • Race: Terran Terran
  • League: Master
  • Spawn Location: 7:00

Snoxtar - Winner!

  • Race: Protoss Protoss
  • League: Grandmaster
  • Spawn Location: 1:00

VOD

Have the link to the VOD?

Description

Time

  • Played on: Nov. 23, 2017, 1:22 p.m.
  • Length: 6:18
Show
View Real Time Build Order
Export as new Build Order

Quma Terran 

Build Orders: Reaper Expand 

Get SALT Encoding   

  12  0:00  SCV  
  13  0:13  SCV  
  14  0:17  Supply Depot  
  14  0:25  SCV  
  15  0:39  SCV  
  15  0:40  Barracks  
  16  0:46  Refinery  
  16  0:51  SCV  
  17  1:03  SCV  
  18  1:15  SCV  
  19  1:31  Orbital Command  
  19  1:32  Reaper  
  20  1:46  Command Center  
  20  1:54  Engineering Bay  
  20  1:56  SCV  
  21  2:04  Supply Depot  
  21  2:11  Barracks Reactor  
  21  2:18  SCV, Barracks  
  22  2:44  SCV  
  22  2:46  Refinery  
  22  2:48  Factory  
  22  2:50  Marine x2  
  25  3:02  Orbital Command  
  25  3:04  Bunker  
  25  3:07  Barracks Tech Lab, Marine x2  
  25  3:10  SCV  
  28  3:15  Engineering Bay  
  26  3:36  SCV x2  
  26  3:39  Marine x3  
  26  3:41  Stimpack  
  31  3:45  Missile Turret  
  31  3:48  SCV  
  30  3:59  Marine  
  28  4:12  Bunker  
  28  4:13  Marine  
  28  4:14  Marauder  
  30  4:17  Marine  
  26  4:34  Marine  
  26  4:37  Bunker  
  17  4:46  Marauder  
  14  5:05  SCV  
  15  5:09  Marauder  
  17  5:22  Orbital Command  
  17  5:34  Marauder, Marine  
  21  5:40  Marine  
  21  5:55  Marauder  
  15  5:58  Marine  
Show
View Real Time Build Order
Export as new Build Order

Snoxtar Protoss - Winner!

Build Orders:  

Get SALT Encoding   

  12  0:01  Probe  
  13  0:13  Probe  
  14  0:18  Pylon  
  14  0:25  Probe (Chrono Boost)  
  15  0:37  Probe (Chrono Boost)  
  15  0:38  Gateway  
  17  0:45  Probe (Chrono Boost)  
  17  0:51  Probe  
  17  0:52  Assimilator  
  18  1:03  Probe (Chrono Boost)  
  19  1:04  Gateway  
  19  1:15  Probe (Chrono Boost)  
  19  1:16  Pylon  
  21  1:18  Probe (Chrono Boost)  
  21  1:30  Cybernetics Core  
  21  1:33  Probe  
  21  1:37  Assimilator  
  22  1:45  Probe  
  23  1:57  Probe  
  24  2:06  Stalker x2  
  24  2:07  Warp Gate (Chrono Boost)  
  28  2:09  Probe  
  29  2:16  Pylon  
  29  2:21  Probe  
  30  2:36  Stalker x2  
  34  3:06  Stalker  
  34  3:10  Nexus  
  36  3:14  Pylon  
  36  3:15  Probe  
  37  3:27  Probe  
  38  3:40  Probe  
  39  3:52  Probe  
  40  4:01  Stalker x2  
  44  4:04  Probe  
  45  4:16  Probe  
  46  4:21  Pylon  
  46  4:24  Probe  
  46  4:27  Twilight Council  
  46  4:28  Probe  
  48  4:36  Probe  
  49  4:38  Shield Battery  
  49  4:40  Probe  
  46  4:48  Probe (Chrono Boost)  
  46  4:50  Stalker x2  
  50  4:53  Probe (Chrono Boost)  
  52  5:00  Probe (Chrono Boost), Gateway  
  52  5:03  Probe x2 (Chrono Boost)  
  52  5:06  Probe  
  54  5:10  Gateway  
  54  5:15  Probe, Gateway  
  54  5:18  Probe  
  54  5:21  Forge  
  56  5:24  Forge  
  56  5:29  Stalker  
  56  5:31  Probe  
  56  5:34  Probe  
  60  5:38  Stalker  
  60  5:41  Assimilator x2  
  60  5:42  Pylon  
  58  6:05  Probe  
  58  6:09  Stalker x4  
Tags
 
Add a new tag
Caveats
  • Supply blocks, unpowered buildings, or Contaminate may cause inaccurate times.
  • Supply counts are checked every 10 seconds.